 Dungeon Crawl Stone Soup version 0.20.0-15-g7f486f2 (webtiles) character file.

620 4thArraOfDagon the Sneak (level 7, 0/32 HPs)
             Began as a Spriggan Enchanter on June 9, 2017.
             Was an Initiate of Dithmenos.
             Slain by a phantom (7 damage)
             ... on level 6 of the Dungeon.
             The game lasted 00:07:02 (960 turns).

4thArraOfDagon the Sneak (Spriggan Enchanter)        Turns: 960, Time: 00:07:03

Health: 0/32       AC:  2    Str:  4    XL:     7   Next: 22%
Magic:  1/12       EV: 18    Int: 19    God:    Dithmenos [......]
Gold:   68         SH:  0    Dex: 16    Spells: 5/11 levels left

rFire    . . .     SeeInvis +   a - +1 dagger
rCold    . . .     Gourm    .   (shield restricted)
rNeg     . . .     Faith    .   b - +0 robe
rPois    .         Spirit   .   (helmet restricted)
rElec    .         Reflect  .   (no cloak)
rCorr    .         Harm     .   (gloves unavailable)
MR       +....                  (boots unavailable)
Stlth    ++++......             (no amulet)
Regen    0.1/turn               k - ring of flight
MPRegen  0.2/turn               (no ring)

@: very slightly contaminated, very quick
A: unfitting armour, see invisible, herbivore 3, speed 3, slow metabolism 2
a: Renounce Religion, Evoke Flight


You were on level 6 of the Dungeon.
You worshipped Dithmenos.
Dithmenos was noncommittal.
You were not hungry.

You visited 2 branches of the dungeon, and saw 9 of its levels.

You collected 68 gold pieces.

Inventory:

Hand Weapons
 a - a +1 dagger (weapon)
 h - a +0 rapier
 l - a +0 long sword
Armour
 b - a +0 robe (worn)
 j - a +2 ring mail of positive energy
Jewellery
 k - a ring of flight (left hand)
Wands
 i - a wand of acid (10/15)
 p - a wand of acid (0/15)
Scrolls
 o - 2 scrolls of remove curse
Potions
 e - a potion of agility {unknown}
 f - a potion of flight {unknown}
 g - 3 potions of mutation {unknown}
 m - a potion of lignification {unknown}
 n - a potion of berserk rage {unknown}
Books
 c - a book of Maledictions

   Spells                             Type                      Level
   a - Corona                         Hexes                        1
   b - Ensorcelled Hibernation        Hexes/Ice                    2
   c - Confuse                        Hexes                        3
   d - Tukima's Dance                 Hexes                        3
   e - Dazzling Spray                 Conjuration/Hexes            3
Comestibles
 d - 2 bread rations


   Skills:
 * Level 7.3 Short Blades
 - Level 3.0 Dodging
 + Level 7.8 Stealth
 - Level 2.6 Spellcasting
 - Level 3.6 Hexes


You had 5 spell levels left.
You knew the following spells:

 Your Spells              Type           Power        Failure   Level  Hunger
a - Corona                Hex            ###....      3%          1    None
b - Confuse               Hex            ###.....     11%         3    ###....
c - Ensorcelled Hibernat  Hex/Ice        #.....       12%         2    ##.....


Dungeon Overview and Level Annotations

Branches:
Dungeon (8/15)             Temple (1/1) D:5
   Lair: D:8-11

Altars:
Cheibriados
Dithmenos
Nemelex Xobeh
Okawaru
Ru
Vehumet
Yredelemnul
The Shining One

Shops:
D:7 *

Annotations:
D:4 greprep's ghost, amateur MiFi
D:7 Pikel


Innate Abilities, Weirdness & Mutations

You are very small and have problems with some larger weapons.
You are too small for most types of armour.
You have supernaturally acute eyesight. (SInv)
You are a herbivore.
You cover ground extremely quickly.
You need consume almost no food.


Message History

Press: ? - help, Shift-Dir - straight line, f/p - adder zombie
Aim: an adder zombie (chance to defeat MR: 62%)
The adder zombie appears confused.
Unknown command.
Unknown command.
You catch the helpless adder zombie completely off-guard!
You impale the adder zombie!!
You destroy the adder zombie!
Dithmenos accepts your kill.
Found a stone staircase leading down.
A phantom comes into view.
You see here 2 fizzy purple potions.
g - 3 fizzy purple potions (gained 2)
Found a runed granite ring.
Found 14 bolts.
Unknown command.
Found a bread ration.
Unknown command.
The phantom hits you!
You die...

#. ## #. .. ## ###
##.#+#.... .. .. ...
.....(...##.# #. #
.........=..# #.####
............# #.#...
...........#### #.#.##
......W#..# #.. #.....
.....%.@..# #.# ##.###
.......#..# #.#### #.#
.......#..###....# #.#
.......#.........# #.###
###....#.........###....
######>........'......
##........####...
######...# #.## #...#
#.#


You could see a phantom.

Vanquished Creatures
  A wyvern (D:8)
  2 ogres (D:5)
  A centaur (D:6)
  A water moccasin skeleton (D:8)
  2 crimson imps
  2 hounds
  A worker ant (D:4)
  An adder zombie (D:6)
  2 leopard geckos (D:5)
  2 orcs (D:7)
  A ball python (D:4)
  A giant cockroach (D:7)
  3 goblins
  A bat (D:3)
  A frilled lizard (D:3)
  A rat (D:3)
23 creatures vanquished.

Notes
Turn   | Place    | Note
-------+----------+-------------------------------------------
     0 | D:1      | 4thArraOfDagon the Spriggan Enchanter began the quest for the Orb.
     0 | D:1      | Reached XP level 1. HP: 9/9 MP: 5/5
    53 | D:1      | You fall through a shaft!
   201 | D:4      | Noticed a worker ant
   203 | D:4      | Noticed greprep's ghost (amateur MiFi)
   208 | D:4      | Killed a worker ant
   208 | D:4      | Reached XP level 2. HP: 13/13 MP: 6/6
   208 | D:4      | Reached XP level 3. HP: 16/16 MP: 8/8
   234 | D:5      | Entered Level 5 of the Dungeon
   272 | D:5      | Learned a level 3 spell: Confuse
   275 | D:5      | Learned a level 2 spell: Ensorcelled Hibernation
   302 | D:5      | Noticed an ogre
   320 | D:5      | Killed an ogre
   320 | D:5      | Reached skill level 5 in Stealth
   320 | D:5      | Reached XP level 4. HP: 21/21 MP: 0/9
   356 | D:5      | Found a staircase to the Ecumenical Temple.
   383 | Temple   | Entered the Ecumenical Temple
   395 | Temple   | Became a worshipper of Dithmenos the Shadowed
   458 | D:5      | Noticed an ogre
   470 | D:5      | Killed an ogre
   470 | D:5      | Reached skill level 5 in Short Blades
   470 | D:5      | Reached XP level 5. HP: 24/24 MP: 5/10
   578 | D:5      | You fall through a shaft for 2 floors!
   578 | D:7      | Found Votize's General Store.
   597 | D:8      | Noticed a wyvern
   610 | D:7      | Noticed an orc warrior
   638 | D:8      | Reached XP level 6. HP: 14/28 MP: 8/11
   653 | D:8      | Killed a wyvern
   726 | D:7      | Identified a scroll of acquirement
   727 | D:7      | :)
   727 | D:7      | ROTFL
   727 | D:7      | CROSSBOW
   735 | D:7      | HP: 1/28 [hound (3)]
   835 | D:7      | Reached XP level 7. HP: 10/32 MP: 9/12
   893 | D:7      | Noticed Pikel
   960 | D:6      | Slain by a phantom

Skill      XL: |  1  2  3  4  5  6  7 |
---------------+----------------------+-----
Short Blades   | 3 4 5 6 7 |  7.3
Stealth        | 5 6 7 |  7.8
Dodging        | |  3.0
Spellcasting   | |  2.6
Hexes          | |  3.6

Action                   |  1- 3 |  4- 6 |  7- 9 || total
-------------------------+-------+-------+-------++-------
Melee: Dagger            |    30 |    28 |     2 ||    60
 Cast: Confuse           |     2 |     1 |     3 ||     6
       Corona            |     1 |       |       ||     1
       Ensorcelled Hiber |       |    12 |       ||    12
Evoke: Wand              |       |     4 |       ||     4
  Use: Scroll            |     1 |     3 |       ||     4
 Stab: Sleeping          |     6 |     7 |     1 ||    14
       Confused          |       |     1 |     1 ||     2
  Eat: Fruit             |       |     2 |       ||     2
Armor: Robe              |     1 |     1 |       ||     2
Dodge: Dodged            |    20 |    21 |     2 ||    43
